Map: Dusk Towers

Players

Miszu

  • Race: Terran Terran
  • League: Master

Grey - Winner!

  • Race: Terran Terran
  • League: Master

VOD

Have the link to the VOD?

Description

Time

  • Played on: April 25, 2016, 2:54 p.m.
  • Length: 10:53
Show
View Real Time Build Order
Export as new Build Order

Miszu Terran 

Build Orders: 1/1/1, Bio Tank 

Get SALT Encoding   

  12  0:00  SCV  
  13  0:13  SCV  
  14  0:17  Supply Depot  
  14  0:25  SCV  
  15  0:30  Refinery  
  15  0:39  SCV  
  16  0:44  Barracks  
  16  0:51  SCV  
  17  1:02  Refinery  
  17  1:03  SCV  
  18  1:15  SCV  
  19  1:27  SCV  
  19  1:32  Factory, Marine  
  21  1:39  Orbital Command  
  21  1:51  Supply Depot  
  21  2:00  Marine  
  22  2:06  SCV  
  22  2:17  Factory Tech Lab  
  22  2:18  Starport  
  22  2:21  Marine  
  23  2:24  SCV  
  24  2:39  Marine  
  25  2:45  Siege Tank  
  25  2:49  Supply Depot, SCV  
  29  2:55  Medivac  
  31  3:10  Marine, SCV  
  33  3:12  Supply Depot  
  33  3:17  Siege Tank  
  36  3:25  Viking  
  38  3:28  Marine  
  39  3:34  SCV  
  39  3:35  Supply Depot  
  40  3:46  Marine  
  41  3:49  Siege Tank  
  44  3:57  Supply Depot  
  44  4:05  Marine  
  45  4:17  Viking  
  45  4:21  Siege Tank  
  50  4:25  Supply Depot  
  50  4:50  SCV  
  49  4:54  Command Center  
  49  5:02  SCV  
  53  5:09  Viking, Barracks Tech Lab  
  52  5:15  SCV  
  51  5:34  SCV  
  52  5:39  Viking  
  54  5:51  Stimpack  
  54  5:52  SCV  
  54  5:53  Barracks  
  55  6:08  SCV  
  55  6:11  Starport Reactor  
  51  6:12  Orbital Command  
  51  6:18  Barracks  
  51  6:24  Marine  
  52  6:27  SCV  
  53  6:35  Siege Tank  
  53  6:39  SCV x2  
  58  6:40  Barracks Reactor  
  58  6:47  Engineering Bay  
  58  6:50  Medivac  
  58  6:51  SCV x2  
  62  7:03  SCV x2  
  60  7:10  Barracks Reactor  
  60  7:15  SCV x2  
  62  7:19  Refinery  
  62  7:21  Terran Infantry Weapons Level 1  
  62  7:23  Refinery  
  62  7:27  SCV x2  
  64  7:30  Medivac  
  66  7:37  Medivac  
  66  7:39  SCV x2  
  70  7:49  Supply Depot  
  70  7:51  SCV  
  70  7:52  SCV  
  72  7:59  Combat Shields  
  72  8:03  SCV  
  72  8:04  SCV  
  74  8:08  Medivac x2  
  78  8:15  SCV  
  78  8:16  SCV  
  78  8:19  Command Center  
  80  8:24  Supply Depot  
  80  8:25  Marine  
  81  8:28  SCV x2  
  83  8:37  Medivac, Siege Tank  
  83  8:40  SCV x2  
  89  8:50  Marine x5  
  89  8:52  SCV x2  
  96  8:57  Supply Depot x2  
  96  9:04  SCV x2  
  96  9:08  Marine x4  
  102  9:13  Marine  
  102  9:17  SCV x2  
  81  9:25  Marine  
  81  9:26  Marine x3  
  80  9:31  Marine  
  80  9:33  Planetary Fortress  
  74  9:41  Siege Tank  
  74  9:43  Marine x2  
  74  9:44  Marine x2  
  81  9:47  Medivac  
  81  9:49  Marine  
  84  10:01  Marine x2  
  84  10:02  Marine, Reaper  
  84  10:04  Barracks  
  83  10:07  Marine  
  83  10:13  Siege Tank  
  87  10:15  Factory  
  87  10:16  Barracks  
  87  10:18  SCV x3  
  87  10:19  Marine x3  
  93  10:25  Marine  
  87  10:30  SCV x3  
  87  10:33  Marine  
Show
View Real Time Build Order
Export as new Build Order

Grey Terran - Winner!

Build Orders: Reaper Expand, MMM Bio 

Get SALT Encoding   

  12  0:00  SCV  
  13  0:12  SCV  
  14  0:17  Supply Depot  
  14  0:25  SCV  
  15  0:39  Barracks, SCV  
  16  0:44  Refinery  
  16  0:51  SCV  
  17  1:03  SCV  
  18  1:15  SCV  
  19  1:28  Reaper, Orbital Command  
  20  1:44  Command Center  
  20  1:59  Marine  
  20  2:02  SCV  
  20  2:04  Supply Depot  
  21  2:11  Factory  
  21  2:14  SCV  
  22  2:19  Refinery  
  22  2:24  Barracks Reactor  
  22  2:26  SCV  
  23  2:38  SCV  
  23  2:50  SCV  
  24  2:54  Starport  
  24  2:56  Orbital Command  
  24  3:02  Marine x2  
  24  3:03  SCV  
  24  3:04  Factory Tech Lab  
  27  3:15  Barracks, SCV  
  27  3:18  Supply Depot  
  28  3:20  Marine  
  28  3:21  Marine  
  28  3:25  SCV  
  31  3:33  Siege Tank  
  34  3:35  SCV  
  35  3:41  Medivac  
  35  3:43  SCV  
  35  3:46  Marine  
  39  3:49  Marine  
  39  3:55  SCV x2  
  41  4:03  Barracks Tech Lab  
  41  4:07  SCV  
  42  4:10  SCV  
  42  4:11  Viking  
  42  4:13  Supply Depot  
  45  4:20  Marine  
  45  4:24  Stimpack  
  46  4:25  Marine  
  46  4:27  Refinery  
  46  4:34  SCV  
  46  4:41  Marine x2  
  46  4:44  Viking  
  50  4:59  SCV  
  51  5:01  Marine x2  
  51  5:03  Refinery  
  51  5:06  SCV  
  54  5:08  Marine  
  54  5:12  Supply Depot  
  54  5:24  Viking  
  56  5:31  Marine  
  56  5:35  Barracks  
  57  5:45  Marine, Siege Tank  
  57  5:46  SCV  
  62  5:54  Supply Depot  
  62  6:02  Medivac  
  64  6:16  SCV  
  64  6:18  SCV  
  66  6:20  Barracks Reactor  
  66  6:30  Combat Shields  
  66  6:31  Barracks Reactor  
  66  6:37  Barracks  
  66  6:39  SCV  
  67  6:41  Starport Reactor  
  67  6:42  Barracks  
  67  6:44  SCV  
  68  6:50  Engineering Bay, Marine  
  68  6:52  SCV  
  70  6:58  Siege Tank  
  73  7:07  SCV  
  64  7:11  Marine x5  
  64  7:13  SCV  
  70  7:15  Supply Depot  
  70  7:17  Medivac  
  70  7:18  Supply Depot  
  70  7:20  Medivac  
  74  7:24  Terran Infantry Weapons Level 1  
  74  7:25  Barracks Reactor  
  74  7:26  SCV  
  74  7:29  Marine  
  76  7:31  Barracks Reactor  
  76  7:37  Siege Tank  
  76  7:38  Marine x3  
  76  7:41  SCV  
  76  7:44  Supply Depot  
  83  7:51  Medivac  
  85  7:52  Medivac  
  85  7:54  Marine  
  85  7:55  Command Center  
  85  7:56  Marine  
  85  7:57  SCV  
  90  7:59  SCV  
  90  8:04  Marine x2  
  90  8:05  Supply Depot  
  93  8:09  Marine x2, SCV  
  96  8:16  Marine x4  
  100  8:20  SCV  
  100  8:25  Marine, Missile Turret  
  102  8:27  Missile Turret  
  102  8:31  Marine x2  
  102  8:32  Missile Turret  
  104  8:47  Marine  
  104  8:48  Marine x3, Missile Turret  
  108  8:50  Supply Depot x2  
  108  8:58  Supply Depot  
  108  9:03  Medivac  
  108  9:06  Medivac, Siege Tank  
  107  9:20  Marine x2  
  107  9:23  Marine x2  
  91  9:27  Marine  
  91  9:28  Marine x3  
  95  9:36  Marine  
  95  9:38  Marine x2  
  101  9:43  Viking x2  
  101  9:45  Marine  
  103  9:48  SCV x2  
  105  9:59  Orbital Command  
  100  10:10  Marine x6  
  100  10:13  Viking x2  
  110  10:15  SCV  
  110  10:16  SCV  
  112  10:25  Marine x2  
  112  10:26  Marine  
  115  10:33  Marine x4  
Tags
 
Add a new tag
Caveats
  • Supply blocks, unpowered buildings, or Contaminate may cause inaccurate times.
  • Supply counts are checked every 10 seconds.